 Dungeon Crawl Stone Soup version 0.22.0-16-gc6d26f69f9 (webtiles) character file.

116 Peloso the Shield-Bearer (level 4, -6/41 HPs)
             Began as a Minotaur Fighter on Aug 18, 2018.
             Mangled by an orc wizard
             ... wielding a +1 dagger of distortion
              (7 damage)
             ... on level 2 of the Dungeon.
             The game lasted 00:02:32 (654 turns).

Peloso the Shield-Bearer (Minotaur Fighter)          Turns: 654, Time: 00:02:33

Health: -6/41      AC:  7    Str: 21    XL:     4   Next: 70%
Magic:  3/3        EV:  8    Int:  5    God:
Gold:   63         SH:  9    Dex: 10    Spells: 3/3 levels left

rFire    . . .     SeeInvis .   a - +0 long sword
rCold    . . .     Gourm    .   c - +0 shield
rNeg     . . .     Faith    .   b - +0 scale mail
rPois    .         Spirit   .   (helmet restricted)
rElec    .         Reflect  .   (no cloak)
rCorr    .         Harm     .   (no gloves)
MR       .....                  (no boots)
Stlth    ..........             (no amulet)
HPRegen  0.13/turn              (no ring)
MPRegen  0.08/turn              (no ring)

@: no status effects
A: retaliatory headbutt, horns 2
a: no special abilities


You were on level 2 of the Dungeon.
You were not hungry.

You visited 1 branch of the dungeon, and saw 2 of its levels.

You collected 63 gold pieces.

Inventory:

Hand Weapons
 a - a +0 long sword (weapon)
Armour
 b - a +0 scale mail (worn)
 c - a +0 shield (worn)
Scrolls
 e - a scroll of identify {unknown}
 h - a scroll of noise {unknown}
 j - a scroll of remove curse {unknown}
 k - a scroll of teleportation {unknown}
Potions
 d - a potion of might
 g - a potion of brilliance {unknown}
 i - a potion of curing {unknown}
Comestibles
 f - 2 rations
 l - 4 chunks of flesh


   Skills:
 + Level 4.3 Fighting
 + Level 3.7 Long Blades
 + Level 4.3 Armour
 + Level 0.9 Dodging
 + Level 4.6 Shields


You had 3 spell levels left.
You didn't know any spells.
Your spell library was empty.

Dungeon Overview and Level Annotations

Branches:
Dungeon (2/15)

Altars:


Innate Abilities, Weirdness & Mutations

You reflexively headbutt those who attack you in melee.
You have a pair of horns on your head.


Message History

Space bends around you.
* * * LOW HITPOINT WARNING * * *
The orc wizard looks satisfied for a moment.
Unknown command.
You hit the orc wizard.
The orc wizard is severely wounded.
Something hits you but does no damage. Space bends around you.
* * * LOW HITPOINT WARNING * * *
The orc wizard points at you and mumbles some strange words.
The magic dart hits you!
* * * LOW HITPOINT WARNING * * *
You hear some strange, mumbled words.
A magic dart appears from out of thin air!
The magic dart hits you!
The orc wizard hits you but does no damage.
You barely miss the orc wizard. Your headbutt misses the orc wizard.
The orc wizard is severely wounded.
The orc wizard closely misses you. Something hits you but does no damage.
Space bends around you.
You die...

#..........##........
#..........##........ +
#.#................. ... .
#.#............... ..
.#+#+#.#.............# .
......?#...).........###.. .
................g..........#... .
........).######o..........#...
...†......)....+@........##....
.....?...†.#####.........##....##
...........# ..........##......
...........# ................>..
.............#...................
......#..........................
...####..........................
...####...............###....#+##
........##+#...... ........†


You could see an orc wizard and a hobgoblin.

Vanquished Creatures
  An orc priest (D:2)
  An orc wizard (D:2)
  A hound skeleton (D:2)
  An adder (D:2)
  A dart slug (D:1)
  A leopard gecko (D:1)
  An orc (D:2)
  6 bats
  3 giant cockroaches (D:1)
  2 goblins (D:2)
  A hobgoblin (D:1)
  3 jackals (D:2)
  5 kobolds
  A ball python (D:1)
  6 frilled lizards
  6 rats
40 creatures vanquished.

Notes
Turn   | Place    | Note
-------+----------+-------------------------------------------
     0 | D:1      | Peloso the Minotaur Fighter began the quest for the Orb.
     0 | D:1      | Reached XP level 1. HP: 19/19 MP: 0/0
    62 | D:1      | Reached XP level 2. HP: 27/27 MP: 1/1
   402 | D:2      | Reached XP level 3. HP: 31/33 MP: 2/2
   569 | D:2      | Reached XP level 4. HP: 26/40 MP: 3/3
   653 | D:2      | HP: 1/41 [orc wizard/magic dart (6)]
   654 | D:2      | Mangled by an orc wizard

Skill      XL: |  1  2  3 |
---------------+----------+-----
Fighting       | 4 |  4.3
Armour         | 4 |  4.3
Shields        | 4 |  4.6
Long Blades    | 3 |  3.7
Dodging        | |  0.9

Action                   |  1- 3 |  4- 6 || total
-------------------------+-------+-------++-------
Melee: Long sword        |    73 |     9 ||    82
       Headbutt          |    16 |     2 ||    18
Armor: Scale mail        |    55 |     8 ||    63
Dodge: Dodged            |    31 |     3 ||    34
Block: Shield            |    54 |     5 ||    59
       Rpst.: Long sword |     7 |       ||     7
